 Dungeon Crawl Stone Soup version 0.31-a0-845-g9abc20d24f (webtiles) character file.

Game seed: 331878106204363707

6129 Maxmaps the Blocker (level 10, -7/72 HPs)
             Began as an Octopode Shapeshifter on Oct 2, 2023.
             Was an Initiate of Gozag.
             Mangled by an unseen horror (10 damage)
             ... on level 10 of the Dungeon.
             The game lasted 00:13:28 (11241 turns).

Maxmaps the Blocker (Octopode Shapeshifter)        Turns: 11241, Time: 00:13:29

Health: -7/72      AC:  1    Str: 13    XL:     10   Next: 89%
Magic:  10/10      EV: 15    Int: 17    God:    Gozag
Gold:   143        SH: 18    Dex: 12    Spells: 9/9 levels left

rFire   + +          .
                       - Unarmed
rCold   + + +        a - +2 shield of Resistance {rF++ rC++ Will++}
rNeg    + . .        (helmet currently unavailable)
rPois   .            B - amulet of reflection
rElec   .            t - ring of positive energy
rCorr   .            H - ring of protection from cold
SInv    .            (no ring)
Will    ++...        (no ring)
Stlth   +++          (no ring)
HPRegen 0.32/turn    (no ring)
MPRegen 0.12/turn    (no ring)
                     (no ring)

%: reflection
@: beast-form
A: beast (slay +1), almost no armour, amphibious, 8 rings, camouflage 1,
gelatinous body 1, (nimble swimmer 1), tentacles
a: Begin Untransformation, Renounce Religion, Potion Petition, Call Merchant,
Bribe Branch


You were on level 10 of the Dungeon.
You worshipped Gozag.
Gozag was aware of your devotion.
You were a hulking beast.
You visited 2 branches of the dungeon, and saw 11 of its levels.
You also visited: Sewer.

You collected 1154 gold pieces.
You spent 201 gold pieces at shops.
You paid 810 gold pieces to Gozag.

Inventory:

Hand Weapons
 j - a +1 whip of venom
 x - a +0 shortbow
Missiles
 g - 2 throwing nets
Armour
 a - the +2 shield of Resistance (worn) {rF++ rC++ Will++}
   (You acquired it on level 5 of the Dungeon)

   rF++:      It greatly protects you from fire.
   rC++:      It greatly protects you from cold.
   Will++:    It greatly increases your willpower.
 q - a +0 buckler
Jewellery
 t - a ring of positive energy (left tentacle)
 B - an amulet of reflection (around mantle)
 H - a ring of protection from cold (right tentacle)
Talismans
 b - a beast talisman (active)
 c - a flux talisman
Wands
 d - a wand of quicksilver (8)
 p - a wand of polymorph (6)
 v - a wand of iceblast (6)
 G - a wand of flame (15)
Scrolls
 i - 5 scrolls of teleportation
 k - 2 scrolls of poison
 n - 2 scrolls of amnesia
 r - a scroll of vulnerability
 s - a scroll of immolation
 u - 2 scrolls of revelation
 y - a scroll of enchant weapon
 z - a scroll of torment
 D - a scroll of identify
 E - a scroll of enchant armour {unknown}
Potions
 e - a potion of brilliance
 f - 3 potions of might
 h - a potion of resistance
 l - 3 potions of invisibility
 m - a potion of curing
 o - 2 potions of magic
 A - 2 potions of haste
 C - a potion of mutation


   Skills:
 - Level 8.3 Fighting
 - Level 9.0 Dodging
 - Level 4.0 Stealth
 - Level 10.0 Shields
 + Level 3.7 Unarmed Combat
 - Level 3.0 Shapeshifting


You had 9 spell levels left.
You didn't know any spells.
Your spell library contained the following spells:

 Spells                   Type           Power      Damage    Failure   Level
 Cigotuvi's Dreadful Rot  Necr/Pois/Air  0%         N/A       65%         2
 Gell's Gravitas          Tloc           0%         N/A       86%         3
 Ignite Poison            Fire/Tmut/Pois 0%         N/A       86%         3
 Teleport Other           Tloc           0%         N/A       86%         3
 Volatile Blastmotes      Fire/Tloc      0%         2d10      86%         3
 Brom's Barrelling Bould  Conj/Erth      0%         2d3       99%         4
 Cause Fear               Hex            0%         N/A       99%         4
 Fulminant Prism          Conj/Hex       0%         3d5       99%         4
 Iskenderun's Mystic Bla  Conj/Tloc      0%         2d3       99%         4
 Olgreb's Toxic Radiance  Pois           0%         N/A       99%         4
 Sticky Flame             Conj/Fire      0%         2d3       99%         4
 Fireball                 Conj/Fire      0%         3d3       100%        5
 Freezing Cloud           Conj/Ice/Air   0%         6-21      100%        5
 Iskenderun's Battlesphe  Conj           0%         2d6       100%        5
 Conjure Ball Lightning   Conj/Air       0%         3x3d6     100%        6
 Dispersal                Tloc           0%         N/A       100%        6
 Orb of Destruction       Conj           0%         9d5       100%        7
 Discord                  Hex            0%         N/A       100%        8
 Ignition                 Fire           0%         3d3       100%        8
 Dragon's Call            Summ           0%         N/A       100%        9


Dungeon Overview and Level Annotations

Branches:
Dungeon (10/15)            Temple (1/1) D:5            Lair (0/5) D:9
    Orc (0/2) D:10          Sewer (visited)

Altars:
Ashenzari
Cheibriados
Dithmenos
Elyvilon
Fedhas
Gozag
Hepliaklqana
Kikubaaqudgha
Makhleb
Nemelex Xobeh
Okawaru
Qazlal
Ru
Sif Muna
Trog
Uskayaw
Vehumet
Wu Jian
Xom
Yredelemnul
Zin
The Shining One

Shops:
D:4 *   D:5 ?   D:6 *

Annotations:
D:8 Amaemon


Innate Abilities, Weirdness & Mutations

You are a hulking beast.
Your limbs bulge with bestial killing power. (Slay +1)
You cannot wear most types of armour.
You are amphibious.
You can wear up to eight rings at the same time.
Your skin changes colour to match your surroundings (Stealth+).
Your rubbery body absorbs attacks. (AC +1, EV +1)
((You are camouflaged when in or above water. (Stealth+)))
You have tentacles for arms and can constrict up to eight enemies at once.


Message History

No target in view!
Something hits you.
Deactivating autopickup; reactivate with Ctrl-A.
Something hits you!
You tentacle-slap something. Something hits you. You block something's attack.
You tentacle-slap something. You squeeze something.
You block something's attack.
You swing at nothing.
You block something's attack.
You swing at nothing.
You closely miss something. You squeeze something.
You block something's attack. Something barely misses you.
You swing at nothing.
You closely miss something. Something barely misses you. x2
You swing at nothing.
You block something's attack.
You miss something. Your squeeze misses something. Something hits you.
You swing at nothing.
Something hits you.
You barely miss something. Your squeeze misses something. Something hits you!
Something hits you.
You swing at nothing.
Something hits you.
You tentacle-slap something. You squeeze something! Something hits you!
You swing at nothing.
Something barely misses you.
You tentacle-slap something. You block something's attack.
You swing at nothing.
Something hits you! x2
* * * LOW HITPOINT WARNING * * *
You closely miss something. You squeeze something!
You block something's attack. Something hits you.
* * * LOW HITPOINT WARNING * * *
You closely miss something. Something hits you!
* * * LOW HITPOINT WARNING * * *
You feel better. You block something's attack.
As you read the scroll of fog, it dissolves into smoke.
You block something's attack.
You tentacle-slap something but do no damage.
Your squeeze misses something. Something hits you!
* * * LOW HITPOINT WARNING * * *
Something hits you.
* * * LOW HITPOINT WARNING * * *
Something hits you!
You die...
Your body crumbles into a pile of gold.

#.### #.# #######.#
#.##########
........########.....(<...#
#######..........##########
# #.########.# # #.# #.# #
#.# #§# # #.# #§# # #.# #h#
# #.# #{#
#######.########§##########
........................>.#
########..................#
# #..................# #
#..................# #
#..................#
########...[..............#


There were no monsters in sight!

Vanquished Creatures
  Erica (D:9)
  An elephant (D:9)
  An orange demon (D:8)
  The ghost of Danienth the Magician, a novice HuIE of Fedhas (D:4)
  Psyche (D:8)
  A hornet (D:9)
  A wyvern (D:9)
  A shadow (D:10)
  A yak (D:9)
  A basilisk (D:9)
  A steam dragon (D:9)
  An acid dragon (D:9)
  3 water moccasins
  3 orc warriors
  3 black bears
  3 centaurs
  4 phantoms
  3 kobold brigands
  Blork the orc (D:5)
  2 bullfrogs (D:9)
  4 scorpions
  8 wights
  A wyvern skeleton (D:4)
  A howler monkey (D:6)
  A hound (D:7)
  A jelly (D:7)
  6 orc priests
  4 sleepcaps
  Terence (D:2)
  Jessica (D:2)
  A gnoll bouda (D:7)
  9 orc wizards
  A killer bee zombie (D:4)
  An ogre zombie (D:10)
  Robin (D:3)
  6 adders
  6 gnolls
  A howler monkey skeleton (D:4)
  2 shadow imps (D:7)
  A white imp (D:6)
  An ufetubus (D:4)
  A dart slug (D:2)
  25 orcs
  4 ball pythons
  5 bats
  5 endoplasms
  8 giant cockroaches
  6 hobgoblins
  10 jackals
  A quokka (D:4)
  A frilled lizard (D:1)
  13 goblins
  A hobgoblin skeleton (D:10)
  18 kobolds
  An orc skeleton (D:10)
  5 orc zombies (D:10)
  6 rats
202 creatures vanquished.

Vanquished Creatures (others)
  A goblin (D:3)
1 creature vanquished.

Grand Total: 203 creatures vanquished

Notes
Turn   | Place    | Note
-------+----------+-------------------------------------------
     0 | D:1      | Maxmaps the Octopode Shapeshifter began the quest for the
                  | Orb.
     0 | D:1      | Reached XP level 1. HP: 13/13 MP: 1/1
    93 | D:1      | Reached XP level 2. HP: 19/19 MP: 2/2
   373 | D:1      | HP: 1/20 [poisoned by a kobold]
   529 | D:2      | Noticed Jessica
   533 | D:2      | Killed Jessica
   534 | D:2      | Reached XP level 3. HP: 26/26 MP: 3/3
   564 | D:2      | Reached XP level 4. HP: 26/33 MP: 4/4
   822 | D:2      | Noticed Terence
   835 | D:2      | Killed Terence
  1161 | D:3      | Reached XP level 5. HP: 37/37 MP: 5/5
  1388 | D:3      | Noticed Robin
  1417 | D:3      | Killed Robin
  2221 | D:4      | Found a runed translucent gate.
  2221 | D:4      | Found a runed translucent gate.
  2221 | D:4      | Found a runed translucent gate.
  2222 | D:4      | Noticed Danienth's ghost (novice HuIE)
  2228 | D:4      | Found Zuobuush's General Store.
  2317 | D:4      | Reached skill level 1 in Shields
  2491 | D:4      | Found a glowing drain.
  2507 | Sewer    | Entered a sewer
  2610 | Sewer    | Noticed a water moccasin
  2621 | Sewer    | Killed a water moccasin
  2622 | Sewer    | Reached skill level 3 in Shields
  2622 | Sewer    | Reached XP level 6. HP: 42/43 MP: 6/6
  2918 | D:4      | HP: 2/43 [Danienth's ghost (1)]
  2919 | D:4      | Killed Danienth's ghost
  2920 | D:4      | Reached skill level 5 in Shields
  2920 | D:4      | Reached XP level 7. HP: 2/48 MP: 7/7
  3303 | D:5      | Entered Level 5 of the Dungeon
  3303 | D:5      | Noticed Blork the orc
  3315 | D:5      | Killed Blork the orc
  3316 | D:5      | Reached skill level 5 in Fighting
  3548 | D:5      | Found a staircase to the Ecumenical Temple.
  3569 | Temple   | Entered the Ecumenical Temple
  3582 | Temple   | Became a worshipper of Gozag Ym Sagoz the Greedy
  3713 | D:5      | Identified the +3 plate armour of Thoughtfulness {rElec
                  | rC++ rN+}
  3839 | D:5      | Reached XP level 8. HP: 46/55 MP: 8/8
  3975 | D:5      | Identified the +0 mace of the Tentacled God {pain, +Blink
                  | rCorr Str+2}
  4100 | D:5      | Found Beinimnit's Magic Scroll Shoppe.
  4106 | D:5      | Bought a scroll of teleportation for 39 gold pieces
  4258 | D:5      | Bought a scroll of identify for 26 gold pieces
  4258 | D:5      | Bought a scroll of revelation for 97 gold pieces
  4258 | D:5      | Bought a scroll of teleportation for 39 gold pieces
  4259 | D:5      | Identified a scroll of acquirement
  4259 | D:5      | Acquired the +2 shield of Resistance {rF++ rC++ Will++}
  4259 | D:5      | Found the +2 shield of Resistance {rF++ rC++ Will++}
  4507 | D:6      | Found Fupt's Overcharged Wands.
  4570 | D:6      | Reached skill level 5 in Dodging
  5356 | D:6      | Found a broken altar of Ashenzari.
  5510 | D:6      | Found a basalt altar of Yredelemnul.
  5534 | D:6      | Found a sparkling altar of Nemelex Xobeh.
  5536 | D:6      | Found a bloodstained altar of Trog.
  5658 | D:7      | Reached XP level 9. HP: 55/61 MP: 9/9
  7175 | D:8      | Reached skill level 6 in Shields
  7576 | D:8      | Found a white marble altar of Elyvilon.
  7733 | D:8      | Noticed Psyche
  7747 | D:8      | Killed Psyche
  7748 | D:8      | Reached skill level 7 in Shields
  8064 | D:8      | Noticed an orange demon
  8065 | D:8      | Noticed Amaemon
  8076 | D:8      | Killed an orange demon
  8077 | D:8      | Reached skill level 8 in Shields
  8604 | D:9      | Found a staircase to the Lair.
  8604 | D:9      | Noticed an elephant
  8645 | D:9      | Killed an elephant
  8646 | D:9      | Reached XP level 10. HP: 48/66 MP: 10/10
  8654 | D:9      | Reached skill level 9 in Shields
  9071 | D:9      | Reached skill level 10 in Shields
 10308 | D:9      | Noticed Erica
 10321 | D:9      | Killed Erica
 10433 | D:10     | Entered Level 10 of the Dungeon
 10481 | D:10     | Found a staircase to the Orcish Mines.
 11241 | D:10     | HP: 3/72 [something (6)]
 11241 | D:10     | Mangled by an unseen horror

Illustrated notes

Levels and vault maps discovered:
D:1:      dpeg_arrival_prison, layout_basic
D:2:      layout_rooms, uniq_terence, uniq_jessica
D:3:      layout_basic, uniq_robin
D:4:      layout_cave_pools, serial_glass, glass_columns_a, glass_columns_a,
          serial_shops, nicolae_take_the_stairs, portal_sewer_entry_f,
          gammafunk_ghost_necromancy
D:5:      layout_loops_cross, minmay_temple_entry_offerings, serial_shops,
          shop_fountains, serial_park_tiny_pond, uniq_blork_the_orc
D:6:      layout_cave_pools, nicolae_overflow_hidden_temple,
          kb_lookout_dungeons_type, nicolae_shop_overcharged_wands
D:7:      layout_gridville, minmay_misc_feat_nine_boxes
D:8:      layout_basic, elyvilon_altar_3, uniq_amaemon, uniq_psyche
D:9:      layout_long_grid, david_lair_generic, uniq_erica
D:10:     minmay_flawed_box, layout_small_grid, zombieorc2_lemuel,
          minivault_25_ag
Temple:   nicolae_temple_bog_church

Skill      XL: |  1  2  3  4  5  6  7  8  9 10 |
---------------+-------------------------------+-----
Fighting       | 2 3 4 5 8 |  8.3
Stealth        | 2 4 |  4.0
Shields        | 3 5 8 10 | 10.0
Dodging        | 3 7 9 |  9.0
Unarmed Combat | |  3.7
Shapeshifting  | |  3.0

Action                     |  1- 3 |  4- 6 |  7- 9 | 10-12 || total
---------------------------+-------+-------+-------+-------++-------
  Melee: Unarmed           |    40 |   135 |   332 |   233 ||   740
         Constrict         |    11 |    25 |    60 |    40 ||   136
         Tentacles         |     5 |    17 |   101 |    74 ||   197
         Punch             |     1 |     5 |    14 |     7 ||    27
 Invoke: Potion Petition   |       |       |       |     1 ||     1
    Use: Scroll            |       |    11 |    12 |     2 ||    25
         Potion            |       |     6 |     6 |     1 ||    13
   Stab: Sleeping          |     5 |    11 |     8 |     4 ||    28
         Invisible         |       |     5 |       |       ||     5
         Distracted        |       |       |     2 |     2 ||     4
 Armour: Skin              |    15 |    69 |   165 |    84 ||   333
  Dodge: Dodged            |    24 |    81 |   148 |    63 ||   316
  Block: Buckler           |       |    13 |    10 |       ||    23
         Kite shield       |       |       |   204 |   202 ||   406
         Reflection        |       |       |       |     2 ||     2

Table legend: (Time is in decaauts)
 A = Elapsed time spent in this place.
 B = Non-inter-level travel time spent in this place.
 C = Inter-level travel time spent in this place.
 D = Time resting spent in this place.
 E = Time spent auto-exploring this place.
 F = Levels seen in this place.
 G = Mean time per level.
                   A        B        C        D        E       F      G
               +--------+--------+--------+--------+--------+-----+--------+
         Total |  11302 |  10804 |    498 |   3325 |   5691 |  12 |  941.8 |
       Dungeon |  11111 |  10637 |    474 |   3325 |   5578 |  10 | 1111.1 |
        Temple |     26 |      2 |     24 |      0 |      0 |   1 |   26.0 |
         Sewer |    164 |    164 |      0 |      0 |    113 |   1 |  164.0 |
               +--------+--------+--------+--------+--------+-----+--------+

Top non-repeatable levels by time:
     D:9: 1861 daAuts
     D:7: 1578 daAuts
     D:8: 1437 daAuts
     D:6: 1226 daAuts
     D:3: 1223 daAuts
     D:5: 1045 daAuts
     D:4: 854 daAuts
    D:10: 831 daAuts
     D:1: 526 daAuts
     D:2: 525 daAuts
   Sewer: 164 daAuts
  Temple: 26 daAuts
